Map: Cyber Forest LE

Players

pHARM

  • Race: Zerg Zerg
  • League: Platinum
  • Spawn Location: 11:00

Andy - Winner!

  • Race: Protoss Protoss
  • League: Platinum
  • Spawn Location: 5:00

VOD

Have the link to the VOD?

Description

Time

  • Played on: Aug. 3, 2019, 4:44 a.m.
  • Length: 6:38
Show
View Real Time Build Order
Export as new Build Order

pHARM Zerg 

Build Orders: Hatch First 

Get SALT Encoding   

  12  0:01  Drone  
  13  0:08  Drone  
  14  0:16  Overlord  
  14  0:27  Drone, Extractor  
  15  0:35  Drone x2  
  17  1:07  Extractor  
  17  1:08  Hatchery  
  15  1:12  Spawning Pool  
  15  1:16  Drone x2  
  17  1:25  Drone  
  18  1:31  Drone  
  19  1:41  Drone  
  20  1:51  Overlord  
  20  2:02  Queen  
  20  2:03  Extractor  
  21  2:15  Drone x2  
  23  2:27  Queen  
  23  2:29  Drone  
  26  2:30  Drone  
  27  2:46  Drone x4  
  31  2:58  Drone x2  
  33  3:14  Overlord  
  33  3:17  Lair  
  33  3:18  Drone  
  33  3:19  Drone x2  
  36  3:22  Overlord x2  
  36  3:29  Evolution Chamber  
  36  3:32  Drone x2  
  37  3:34  Roach Warren  
  37  3:39  Drone x2  
  38  4:07  Overlord  
  38  4:08  Drone x5  
  43  4:15  Roach  
  45  4:31  Extractor  
  45  4:32  Extractor  
  45  4:33  Glial Reconstitution  
  45  4:35  Zerg Missile Weapons Level 1  
  45  4:38  Roach  
  45  5:04  Hatchery  
  44  5:07  Drone x3  
  44  5:08  Drone x8  
  55  5:37  Hydralisk Den  
  55  5:40  Overlord x2  
  55  5:41  Drone x6  
  60  5:43  Overseer  
  60  5:53  Hatchery  
  60  5:54  Roach x4  
  67  6:00  Roach  
Show
View Real Time Build Order
Export as new Build Order

Andy Protoss - Winner!

Build Orders:  

Get SALT Encoding   

  12  0:03  Probe  
  13  0:15  Probe  
  14  0:24  Pylon  
  14  0:28  Probe  
  15  0:39  Probe  
  16  0:47  Probe  
  16  0:55  Pylon  
  16  0:56  Probe  
  17  1:03  Assimilator  
  17  1:04  Probe  
  19  1:12  Probe  
  20  1:23  Probe  
  20  1:24  Pylon  
  21  1:30  Nexus  
  21  1:35  Probe  
  22  1:48  Probe  
  22  1:53  Gateway  
  23  1:54  Assimilator  
  23  1:55  Assimilator  
  23  2:17  Pylon  
  23  2:26  Forge  
  23  2:32  Zealot  
  23  2:35  Probe  
  26  2:47  Probe  
  26  2:48  Cybernetics Core  
  27  2:52  Probe  
  27  2:54  Pylon  
  28  2:59  Probe  
  28  3:01  Photon Cannon  
  28  3:04  Probe  
  30  3:11  Probe  
  31  3:16  Probe  
  32  3:23  Probe  
  32  3:27  Twilight Council  
  33  3:29  Probe  
  34  3:34  Warp Gate  
  34  3:37  Probe  
  35  3:47  Protoss Ground Weapons Level 1  
  35  3:49  Probe  
  35  3:50  Probe  
  37  4:00  Charge  
  37  4:06  Nexus  
  37  4:07  Probe x2  
  39  4:11  Pylon  
  39  4:18  Gateway  
  39  4:23  Probe x2  
  41  4:24  Gateway  
  41  4:36  Pylon  
  41  4:38  Gateway  
  41  4:46  Probe, Gateway  
  41  4:47  Probe  
  43  4:58  Gateway  
  43  4:59  Gateway  
  43  5:15  Photon Cannon  
  43  5:18  Probe  
  43  5:24  Pylon  
  43  5:26  Zealot, Probe  
  43  5:27  Zealot x2  
  50  5:32  Probe  
  52  5:36  Probe  
  52  5:38  Assimilator  
  52  5:41  Pylon  
  52  5:42  Zealot x2  
  55  5:47  Zealot  
  55  5:48  Zealot x2  
  63  5:50  Probe  
  63  5:54  Photon Cannon  
  64  5:57  Pylon  
  64  5:58  Probe  
  64  6:00  Zealot x2  
  64  6:03  Zealot  
  71  6:04  Zealot  
  71  6:07  Probe  
  71  6:08  Probe x2  
  71  6:11  Zealot  
  78  6:19  Probe  
  78  6:20  Probe  
  81  6:36  Stargate  
Tags
 
Matchup
PvZ
Replay Pack
10.7.19
Spawn Locations
Cross Positions
Add a new tag
Caveats
  • Supply blocks, unpowered buildings, or Contaminate may cause inaccurate times.
  • Supply counts are checked every 10 seconds.